 Dungeon Crawl Stone Soup version 0.20.0-15-g7f486f2 (webtiles) character file.

35 Kosschaser the Sneak (level 3, -3/24 HPs)
             Began as a Merfolk Enchanter on June 9, 2017.
             Slain by a worm (8 damage)
             ... on level 1 of the Dungeon.
             The game lasted 00:04:09 (1049 turns).

Kosschaser the Sneak (Merfolk Enchanter)            Turns: 1049, Time: 00:04:09

Health: -3/24      AC:  2    Str:  8    XL:     3   Next: 35%
Magic:  0/6        EV: 13    Int: 14    God:
Gold:   84         SH:  0    Dex: 15    Spells: 3/6 levels left

rFire    . . .     SeeInvis .   m - +0 dagger (venom)
rCold    . . .     Gourm    .   (no shield)
rNeg     . . .     Faith    .   b - +0 robe
rPois    .         Spirit   .   (no helmet)
rElec    .         Reflect  .   (no cloak)
rCorr    .         Harm     .   (no gloves)
MR       .....                  (no boots)
Stlth    +++.......             (no amulet)
Regen    0.1/turn               (no ring)
MPRegen  0.1/turn               (no ring)

@: no status effects
A: change form in water, swift swim, stealthy swim
a: no special abilities


You were on level 1 of the Dungeon.
You were not hungry.

You visited 1 branch of the dungeon, and saw 2 of its levels.

You collected 84 gold pieces.

Inventory:

Hand Weapons
 m - a +0 dagger of venom (weapon)
Armour
 b - a +0 robe (worn)
Scrolls
 g - 2 scrolls of remove curse {unknown}
 i - a scroll of teleportation {unknown}
 k - a scroll of magic mapping {unknown}
 l - a scroll of amnesia {unknown}
Potions
 e - a potion of lignification {unknown}
 f - a potion of flight {unknown}
 h - 2 potions of curing {unknown}
Books
 c - a book of Maledictions

   Spells                             Type                      Level
   a - Corona                         Hexes                        1
   b - Ensorcelled Hibernation        Hexes/Ice                    2
   c - Confuse                        Hexes                        3
   d - Tukima's Dance                 Hexes                        3
   e - Dazzling Spray                 Conjuration/Hexes            3
Comestibles
 d - a bread ration
 j - 2 meat rations


   Skills:
 + Level 1.6 Short Blades
 + Level 3.1 Dodging
 + Level 3.7 Stealth
 + Level 2.2 Spellcasting
 + Level 3.3 Hexes
 + Level 0.7 Ice Magic


You had 3 spell levels left.
You knew the following spells:

 Your Spells              Type           Power        Failure   Level  Hunger
a - Corona                Hex            ##.....      6%          1    #......
b - Ensorcelled Hibernat  Hex/Ice        #.....       16%         2    ###....


Dungeon Overview and Level Annotations

Branches:
Dungeon (2/15)

Altars:


Message History

Casting: Ensorcelled Hibernation
Confirm with . or Enter, or press ? or * to list all spells.
Aiming: Ensorcelled Hibernation
Press: ? - help, Shift-Dir - straight line, f/p - worm
Aim: a worm (chance to defeat MR: 48%)
The worm resists with some effort.
Your magical contamination has completely faded away.
There is an open door here.
There is an open door here.
There is an escape hatch in the floor here.
There is an open door here.
Casting: Ensorcelled Hibernation
Confirm with . or Enter, or press ? or * to list all spells.
Aiming: Ensorcelled Hibernation
Press: ? - help, Shift-Dir - straight line, f/p - worm
Aim: a worm (chance to defeat MR: 48%)
The worm looks drowsy...
There is an open door here.
You barely miss the worm. The worm bites you!
You die...

####### # ......# # ......#
######## #
..)...#####......################
.)....'...'...>w@'...............
......#####......################
......# #......# # #######
#......# # #......# # ######## #
### ############## ..#
#........#...#
).##################........#....


You could see a worm.

Vanquished Creatures
  A gnoll (D:1)
  A leopard gecko (D:1)
  4 bats (D:1)
  2 giant cockroaches (D:1)
  3 goblins (D:1)
  3 hobgoblins (D:1)
  4 kobolds (D:1)
  2 frilled lizards (D:1)
  4 rats (D:1)
24 creatures vanquished.

Notes
Turn   | Place    | Note
-------+----------+-------------------------------------------
     0 | D:1      | Kosschaser the Merfolk Enchanter began the quest for the Orb.
     0 | D:1      | Reached XP level 1. HP: 13/13 MP: 3/3
   179 | D:1      | Reached XP level 2. HP: 17/19 MP: 5/5
   189 | D:1      | Learned a level 2 spell: Ensorcelled Hibernation
   559 | D:1      | Reached XP level 3. HP: 24/24 MP: 3/6
   999 | D:1      | HP: 1/24 [worm (7)]
  1049 | D:1      | Slain by a worm

Skill      XL: |  1  2 |
---------------+-------+-----
Dodging        | 3 |  3.1
Short Blades   | |  1.6
Stealth        | |  3.7
Spellcasting   | |  2.2
Hexes          | |  3.3
Ice Magic      | |  0.7

Action                   || total
-------------------------++-------
Melee: Dagger            ||    66
 Cast: Ensorcelled Hiber ||    13
 Stab: Sleeping          ||    12
  Eat: Chunk             ||     1
Armor: Robe              ||     6
Dodge: Dodged            ||    40
